← All builds
Geo sea / Cortex / Economy first / OBSERVED BUILD

Standard geo sea

The role's default economy-first play: bot lab then shipyard in the cove, quick frigate/submarine/destroyer navy to contest sea and hold the coast, transitioning into whatever the sea fight needs.

Usually shipyard in the cove (98%)

#naval #eco · 963 distinct matches · 100 players · 83% of Cortex Geo sea games · team won 51% of 1080 · Recently observed

HOW TO PLAY IT

Key timing: Shipyard by 3:18

  1. Open 3 mex, wind and solar, then Bot Lab.
  2. Get a BP and costal torpedo launcher up before the Shipyard.
  3. Put up Shipyard once you can defend it.
  4. Push out "submarine" and "frigate" to contest the sea.
  5. Add geothermal to fund the fleet transition into "destroyer", "missile corvette".

Phase by phase

TYPICAL OF ITS 963 GAMES
  1. 1
  2. 2
  3. 3
  4. 4
PLAY THE OPENING

Follow the example game's first 6:00 step by step: what to build now, what comes next, and where it goes. At 1× it keeps pace with your own game.

  1. 1

    Up to the Bot Lab

    Economy
    • Metal Extractor3Mex
    • Wind Turbine3Wind
    Order
    1. Bot LabBot Lab after 3 mex, 3 winddone ~1:12, middle half 1:06–1:25

    Some games also: wind for allies (49%)

    By 0:55 in all: 3 mex · 3 wind

    The example game in this phase · 3 steps
    1. Mex ×3
    2. Wind ×5
    3. Bot LabBot Labdone 1:16 · typical 1:12
  2. 2

    Bot Lab to Shipyard

    Economy
    • Metal Extractor1Mex
    • Wind Turbine2Wind
    Order
    1. ShipyardShipyard after 4 mex, 5 wind, 1 energy storagedone ~3:17, middle half 3:02–3:33
    Builders
    • Construction Bot3 Con bot
    • Graverobber2 Graverobber
    Army
    • Grunt1 Grunt

    Some games also: con turret (46%) · trasher (39%) · energy storage (34%) · wind for allies (32%)

    By 2:51 in all: 4 mex · 5 wind · 1 energy storage

    The example game in this phase · 9 steps
    1. Wind
    2. Construction BotCon bot ×2
    3. Mex
    4. Construction BotCon bot
    5. Wind
    6. GraverobberGraverobber
    7. Radar TowerRadar Tower
    8. Wind
    9. ShipyardShipyarddone 2:50 · typical 3:17
  3. 3

    Shipyard to 5:00

    Economy
    • Metal Extractor4Mex
    Builders
    • Construction Ship1 Con ship
    Army
    • Riptide2 Frigate
    • Orca1 Submarine
    Other
    • Radar Tower1 Radar Tower

    Some games also: Guard (49%) · wind (48%) · missile corvette (48%) · destroyer (46%) · gunboat (41%)

    By 5:00 in all: 8 mex · 6 wind · 1 energy storage · 1 con turret

    The example game in this phase · 24 steps
    1. GruntGrunt
    2. Wind
    3. Mex
    4. GruntGrunt
    5. OrcaSubmarinedone 3:20 · typical 4:20
    6. Wind
    7. GruntGrunt
    8. Wind
    9. HerringMissile corvette
    10. Mex
    11. GruntGrunt
    12. Wind
    13. HerringMissile corvette
    14. Radar TowerRadar Tower
    15. Construction ShipCon ship
    16. GruntGrunt
    17. Wind
    18. ThistleThistle
    19. RiptideFrigatedone 4:54 · typical 4:36
    20. GruntGrunt
    21. Wind
    22. GruntGrunt
    23. Energy storage
    24. RiptideFrigate
  4. 4

    5:00 to 10:00

    Economy
    • Metal Extractor2Mex
    • Wind Turbine8Wind
    • Energy Converter1Converter
    Builders
    • Construction Turret1 Con turret
    • Death Cavalry2 Death Cavalry
    • Construction Ship1 Con ship
    Army
    • Guard2 Guard
    • Riptide5 Frigate
    • Oppressor2 Destroyer
    Other
    • Naval Radar / Sonar Tower2 Naval Radar / Sonar Tower

    Some games also: geo (48%) · Thistle (41%) · submarine (34%)

    By 10:00 in all: 10 mex · 15 wind · 1 geo · 4 converter · 1 energy storage · 2 con turret

    The example game in this phase · 178 steps
    1. Converter
    2. ThistleThistle
    3. Converter
    4. RiptideFrigate
    5. Mex ×2
    6. Con turret
    7. Mex
    8. RiptideFrigate
    9. Advanced Metal ExtractorT2 mexdone 7:12 · typical 9:22
    10. OrcaSubmarine
    11. Geothermal PowerplantGeodone 8:23 · typical 7:58
    12. UrchinUrchin
    13. Death CavalryDeath Cavalry
    14. Advanced Metal ExtractorT2 mex
    15. Naval Radar / Sonar TowerNaval Radar / Sonar Tower
    16. SlingshotSlingshot
    17. OrcaSubmarine ×2
    18. Naval Construction Turret
    19. Advanced Metal ExtractorT2 mex
    20. Death CavalryDeath Cavalry
    21. Converter
    22. Naval Construction Turret
    23. Converter
    24. OrcaSubmarine
    25. Naval Construction Turret
    26. Wind
    27. Converter
    28. Tidal
    29. HerringMissile corvette
    30. Wind
    31. Tidal
    32. HerringMissile corvette
    33. Tidal
    34. Converter
    35. Wind
    36. OrcaSubmarine
    37. Tidal
    38. Advanced Metal ExtractorT2 mex
    39. RiptideFrigate
    40. Tidal
    41. Wind
    42. Construction ShipCon ship
    43. Tidal
    44. Wind
    45. Construction ShipCon ship
    46. Tidal
    47. Wind
    48. RiptideFrigate
    49. Tidal
    50. Wind
    51. RiptideFrigate
    52. Naval Construction Turret
    53. Tidal
    54. Wind
    55. Mex
    56. Naval Construction Turret
    57. RiptideFrigate
    58. Naval Construction Turret
    59. Tidal
    60. Naval Construction Turret
    61. Mex
    62. RiptideFrigate
    63. Con turret
    64. Mex
    65. Radar TowerRadar Tower
    66. Tidal
    67. RiptideFrigate
    68. Tidal ×2
    69. Advanced Metal ExtractorT2 mex
    70. Tidal
    71. Naval Radar / Sonar TowerNaval Radar / Sonar Tower
    72. Tidal
    73. Death CavalryDeath Cavalry
    74. Tidal
    75. Naval Radar / Sonar TowerNaval Radar / Sonar Tower
    76. Tidal ×2
    77. Death CavalryDeath Cavalry
    78. Tidal ×5
    79. Death CavalryDeath Cavalry
    80. Tidal ×2
    81. Advanced Metal ExtractorT2 mex
    82. Tidal
    83. HerringMissile corvette
    84. Tidal ×2
    85. Con turret
    86. HerringMissile corvette
    87. Tidal ×2
    88. Naval Radar / Sonar TowerNaval Radar / Sonar Tower
    89. RiptideFrigate
    90. Tidal ×4
    91. RiptideFrigate
    92. Tidal
    93. Wind
    94. Tidal ×2
    95. Converter
    96. RiptideFrigate
    97. Tidal
    98. Advanced ShipyardAdvanced Shipyarddone 12:37
    99. Wind ×2
    100. Tidal
    101. HerringMissile corvette
    102. Mex
    103. Wind ×2
    104. HerringMissile corvette
    105. Converter
    106. Wind
    107. Tidal
    108. Advanced Construction SubAdvanced Construction Sub
    109. Wind
    110. HerringMissile corvette
    111. Tidal
    112. Wind
    113. Mex
    114. Naval Energy Storage
    115. Wind
    116. Tidal
    117. Converter
    118. Naval Radar / Sonar TowerNaval Radar / Sonar Tower
    119. PathfinderPathfinder
    120. Tidal
    121. Wind
    122. Tidal
    123. Naval Advanced Metal ExtractorNaval Advanced Metal Extractordone 13:25
    124. Wind
    125. PathfinderPathfinder
    126. Tidal
    127. Wind
    128. Advanced Geothermal PowerplantAdvanced Geothermal Powerplantnot finished by 15:00
    129. PathfinderPathfinder
    130. Converter
    131. Aircraft PlantAircraft Plantdone 13:37
    132. Tidal
    133. PathfinderPathfinder ×2
    134. Mex
    135. Naval Advanced Metal ExtractorNaval Advanced Metal Extractor
    136. PathfinderPathfinder
    137. Tidal
    138. Wind
    139. PathfinderPathfinder
    140. Wind
    141. PathfinderPathfinder
    142. Wind
    143. HerculesLight transport
    144. PathfinderPathfinder
    145. Wind
    146. PathfinderPathfinder
    147. Converter
    148. PathfinderPathfinder
    149. Wind
    150. PathfinderPathfinder
    151. Wind
    152. Tidal
    153. PathfinderPathfinder
    154. Wind
    155. PathfinderPathfinder
    156. Wind
    157. PathfinderPathfinder
    158. Converter
    159. PathfinderPathfinder
    160. FinchFinch
    161. Tidal
    162. Wind
    163. PathfinderPathfinder
    164. Naval Advanced Metal ExtractorNaval Advanced Metal Extractor
    165. Seaplane PlatformSeaplane Platformdone 14:49
    166. FinchFinch
    167. Wind
    168. PathfinderPathfinder
    169. Wind
    170. FinchFinch
    171. Advanced Sonar StationAdvanced Sonar Station
    172. Advanced Metal ExtractorT2 mex
    173. Wind
    174. WatcherRadar plane
    175. Arrow StormAnti-air shipnot finished by 15:00
    176. Converter
    177. Tidal ×2
    178. CutlassSeaplane gunship

Counts are medians over the build's games: half of them build more, half fewer. The example game is _X_'s (41 OS, 27/09/2026); pick another.

Team trades

IN AT LEAST 30% OF ITS GAMES

You hand over

  • Wind Turbine2 Wind to Airfirst at 1:48 · in 72% of games

You get

  • Finch1 Finch from Airfirst at 1:51 · in 83% of games
  • Hercules1 Light transport from Airfirst at 2:00 · in 75% of games
  • Advanced Construction Bot1 T2 con bot from Techfirst at 7:44 · in 89% of games

How it plays out

Typical game of this build, running totals by minute

Metal produced

010k20k30k
0:005:0010:0015:00

metal

Enemy metal destroyed

05k10k
0:005:0010:0015:00

metal

Own metal lost

02.5k5k7.5k
0:005:0010:0015:00

metal

1080 games.

Show as table
ByMetal produced: This buildEnemy metal destroyed: This buildOwn metal lost: This build
1:0039700
2:0092800
3:00156700
4:002904051
5:00410713052
6:005463440242
7:006945931551
8:0086161570905
9:001049424631363
10:001261536342071
11:001522148872926
12:001812964053801
13:002147974014458
14:002507986465388
15:002882297766321
WHAT THE NUMBERS SAY

Standard Cortex geo sea sits at an even 50% win rate, trading a slower start for a big resource lead by 15:00.

  • + Metal produced hits 28451 by 15:00, well above both front roles
  • + Own metal lost stays far below enemy metal destroyed at every checkpoint
  • − Only 50% team win rate, the lowest of these six builds
  • − T2 factory only completes in 40% of games by 12:53
THE EXAMPLE YOU ARE READING

_X_

41.0 OS · 27/09/2026

Open source match ↗

4 received units · includes a constructor
843 metal received · 65440 energy received

Allied construction assistance is unknown. Timings are observations, not a promise of solo reproducibility.

Typical milestones

Bot Lab1:12Middle 50%: 1:06–1:25 · n=1069
Shipyard3:17Middle 50%: 3:02–3:33 · n=1074
Orca4:20Middle 50%: 3:54–5:00 · n=747
Riptide4:36Middle 50%: 4:08–5:21 · n=1048
Oppressor5:52Middle 50%: 5:09–6:34 · n=977
Geothermal Powerplant7:58Middle 50%: 7:00–8:59 · n=648
Advanced Metal Extractor9:22Middle 50%: 8:46–10:10 · n=926

Played most by

sirniho121games of this buildSHOGVN86games of this buildOptimusprimenutt84games of this buildPRO_Rerory47games of this buildhihimik41games of this build